 Dungeon Crawl Stone Soup version 0.21-a0-346-g330ab2c (webtiles) character file.

42 4thArraOfDagon the Skirmisher (level 3, -4/33 HPs)
             Began as a Hill Orc Enchanter on Oct 5, 2017.
             Slain by an ogre
             ... wielding a +0 giant spiked club
              (28 damage)
             ... on level 4 of the Dungeon.
             The game lasted 00:04:26 (682 turns).

4thArraOfDagon the Skirmisher (Hill Orc Enchanter)   Turns: 682, Time: 00:04:27

Health: -4/33      AC:  5    Str:  8 (10) XL:     3   Next: 54%
Magic:  5/5        EV: 10    Int: 13 (16) God:
Gold:   41         SH:  0    Dex: 10 (11) Spells: 2/5 levels left

rFire    . . .     SeeInvis .   a - +1 dagger
rCold    . . .     Gourm    .   (no shield)
rNeg     . . .     Faith    .   g - +0 ring mail
rPois    .         Spirit   .   (no helmet)
rElec    .         Reflect  .   (no cloak)
rCorr    .         Harm     .   (no gloves)
MR       .....                  (no boots)
Stlth    +.........             (no amulet)
HPRegen  0.11/turn              (no ring)
MPRegen  0.09/turn              (no ring)

@: very slightly contaminated
A: no striking features
a: no special abilities


You were on level 4 of the Dungeon.
You were not hungry.

You visited 1 branch of the dungeon, and saw 4 of its levels.
You also visited: Ossuary.

You collected 41 gold pieces.

Inventory:

Hand Weapons
 a - a +1 dagger (weapon)
Armour
 b - a +0 robe
 g - a +0 ring mail (worn)
Scrolls
 i - a scroll of amnesia
Potions
 j - a potion of heal wounds
Books
 c - a book of Maledictions

   Spells                             Type                      Level
   a - Corona                         Hexes                        1
   b - Ensorcelled Hibernation        Hexes/Ice                    2
   c - Confuse                        Hexes                        3
   d - Tukima's Dance                 Hexes                        3
   e - Dazzling Spray                 Conjuration/Hexes            3
Comestibles
 d - 3 bread rations
 f - 3 meat rations


   Skills:
 + Level 3.7 Fighting
 - Level 1.0 Short Blades
 - Level 1.5 Dodging
 - Level 2.4 Stealth
 - Level 1.5 Spellcasting
 - Level 3.0 Hexes


You had 2 spell levels left.
You knew the following spells:

 Your Spells              Type           Power        Failure   Level  Hunger
a - Corona                Hex            #......      24%         1    ##.....
b - Ensorcelled Hibernat  Hex/Ice        #.....       56%         2    ###....


Dungeon Overview and Level Annotations

Branches:
Dungeon (4/15)
 Temple: D:4-7

Altars:
Okawaru
Vehumet

Annotations:
D:3 Terence


Message History

You enter an ossuary!
Found a gate leading back out of this place.
There is an empty arch of ancient stone here.
Unknown command.
You open the door.
Unknown command.
Okay, then.
There is an open door here.
Unknown command.
A mummy comes into view.
Unknown command.
A mummy comes into view.
There is an open door here.
Unknown command.
There is an empty arch of ancient stone here.
There is a gate leading back out of this place here.
Welcome back to the Dungeon!
The quokka closely misses you.
The ogre hits you with a giant spiked club!!
Ouch! That really hurt!
You die...

#..... ##...##
#.....###.....#
##......#.......
............####
.....O.....## #
.......##...##.#
......##.......#
...... #.......###
..... #..@r.......
.........O........#
..####............#
.. ##.####......#
... ......# #...
......# #. #......
.. #..##


You could see an ogre and a quokka.

Vanquished Creatures
  3 worms (D:2)
  3 dart slugs (D:2)
  An orc (D:2)
  3 bats
  A giant cockroach (D:2)
  A goblin (D:2)
  2 hobgoblins (D:2)
  2 jackals (D:1)
  3 quokkas
  3 frilled lizards
  A kobold (D:2)
  2 rats (D:2)
25 creatures vanquished.

Vanquished Creatures (others)
  A withered plant (Ossuary)
1 creature vanquished.

Grand Total: 26 creatures vanquished

Notes
Turn   | Place    | Note
-------+----------+-------------------------------------------
     0 | D:1      | 4thArraOfDagon the Hill Orc Enchanter began the quest for the Orb.
     0 | D:1      | Reached XP level 1. HP: 14/14 MP: 3/3
    37 | D:1      | Reached skill level 1 in Fighting
   239 | D:3      | Noticed Terence
   261 | D:2      | Reached XP level 2. HP: 18/24 MP: 2/4
   265 | D:2      | Learned a level 2 spell: Ensorcelled Hibernation
   282 | D:2      | Found a radiant altar of Vehumet.
   505 | D:2      | Reached XP level 3. HP: 8/31 MP: 3/5
   574 | D:2      | Found an iron altar of Okawaru.
   663 | D:4      | Noticed an ogre
   664 | D:4      | Found a sand-covered staircase.
   670 | Ossuary  | Entered an ossuary
   682 | D:4      | Slain by an ogre

Vault maps used:
D:1:      wheals_arrival_shading, doesnt_xom_only_xom
D:2:      old_standard_altar, overflow_temple_1_default, first_bread
D:3:      grunt_temple_overflow_diamond, uniq_terence
D:4:      enter_ossuary_1, grunt_ministairs_14
Ossuary:  ossuary_zaba_flooded

Skill      XL: |  1  2 |
---------------+-------+-----
Fighting       | 2 3 |  3.7
Short Blades   | |  1.0
Dodging        | |  1.5
Stealth        | |  2.4
Spellcasting   | |  1.5
Hexes          | |  3.0

Action                   || total
-------------------------++-------
Melee: Dagger            ||   111
 Cast: Corona            ||    18
  Use: Potion            ||     3
       Scroll            ||     3
Armor: Robe              ||     5
       Ring mail         ||    37
Dodge: Dodged            ||    75

Table legend:
 A = Spawn XP
 B = Non-spawn XP
 C = Spawn XP percentage of total XP
 D = Spawn monster count
 E = Non-spawn monster count
 F = Spawn count percentage of total count
 G = Total turns spent on level
                    A         B        C        D         E        F      G
               +---------+---------+-------+---------+---------+-------+---------
         Total |       0 |      60 |   0.0 |       0 |      25 |   0.0 |   682
               +---------+---------+-------+---------+---------+-------+---------
           D:1 |       0 |       7 |   0.0 |       0 |       4 |   0.0 |   149
           D:2 |       0 |      51 |   0.0 |       0 |      20 |   0.0 |   455
           D:4 |       0 |       2 |   0.0 |       0 |       1 |   0.0 |    18
               +---------+---------+-------+---------+---------+-------+---------
